AoeStats
← miscussi

Arabia

509211270Analyzed
1v1 RM · 7d ago on Sep 25, 2026· 78m 2s· 2 players
Game mode
Random Map
Map size
Tiny (2 player)
Population
200
Speed
Normal
Resources
Standard
Victory
Conquest
Starting age
Dark Age
Ending age
Imperial Age
RankedLock teamsTeams togetherTeam positionsShared explorationLock speedFull tech treeHidden civsTurbo modeCheats
Victory
Defeat
🇦🇷 Spanish · Argentina
892
+17
🇬🇹 Bohemians · Guatemala
904
-17
miscussi
1:50 Loom
11:15 Feudal Age
12:24 Double-Bit Axe
13:59 Horse Collar
15:40 Gold Mining
22:10 Castle Age
23:57 Bow Saw
24:32 Fletching
26:48 Wheelbarrow
37:03 Imperial Age
34:45 Elite Skirmisher
35:23 Town Watch
37:02 Ballistics
36:53 Masonry
39:06 Padded Archer Armor
39:02 Bodkin Arrow
39:54 Conscription
42:07 Leather Archer Armor
41:53 Bracer
46:16 Chemistry
46:43 Scale Barding Armor
46:49 Forging
46:23 Cavalier
47:20 Bloodlines
47:21 Husbandry
49:16 Chain Barding Armor
49:32 Iron Casting
49:45 Paladin
53:04 Plate Barding Armor
55:33 Blast Furnace
55:09 Heavy Plow
59:00 Architecture
62:55 Thumb Ring
62:22 Light Cavalry
65:26 Hussar
71:41 Two-Man Saw
73:12 Ring Archer Armor
75:37 Hand Cart
78:00 Capped Ram
Tang Dynasty
8:46 Loom
10:45 Feudal Age
11:45 Double-Bit Axe
11:45 Horse Collar
21:50 Castle Age
20:33 Padded Archer Armor
20:24 Fletching
22:43 Crossbowman
23:37 Heavy Plow
23:50 Bow Saw
25:54 Wheelbarrow
25:28 Town Watch
27:37 Hand Cart
29:51 Town Patrol
30:40 Leather Archer Armor
30:31 Scale Barding Armor
35:25 Imperial Age
35:55 Forging
37:21 Chemistry
36:43 Ballistics
37:29 Ring Archer Armor
36:54 Bodkin Arrow
36:56 Guard Tower
38:12 Iron Casting
39:33 Conscription
41:26 Elite Skirmisher
43:02 Houfnice
45:00 Wagenburg Tactics
45:35 Bracer
46:36 Blast Furnace
45:57 Chain Barding Armor
48:47 Fervor
48:48 Redemption
52:32 Pikeman
53:13 Squires
52:58 Arson
53:05 Halberdier
53:24 Elite Hussite Wagon
57:13 Hussite Reforms
70:12 Two-Man Saw
75:38 Husbandry
74:59 Light Cavalry
Connection lost

Rejoining the realm…

Still unreachable

The connection could not be restored.

Session expired

The server has moved on; the page needs a fresh start.